 Dungeon Crawl Stone Soup version 0.28.0-43-g3370ac3207 (webtiles) character file.

Game seed: 16189728451428538361

38474 zcamperz the Severer (level 13, -1/195 HPs)
             Began as a Minotaur Berserker on Mar 2, 2022.
             Was an Elder of Trog.
             Slain by a spriggan defender simulacrum (9 damage)
             ... in an ice cave on Mar 16, 2022.
             The game lasted 00:30:58 (16613 turns).

zcamperz the Severer (Minotaur Berserker)          Turns: 16613, Time: 00:30:59

Health: -1/195     AC: 31    Str: 26    XL:     13   Next: 64%
Magic:  0/12       EV:  7    Int:  4    God:    Trog [****..]
Gold:   1183       SH:  9    Dex: 11    Spells: 12/12 levels left

rFire   x x .      SeeInvis .   D - +2 broad axe (vorpal)
rCold   + + +      Faith    .   H - +3 buckler of Icaugies {rN+}
rNeg    + . .      Spirit   +   z - +1 crystal plate armour {rC+}
rPois   .          Reflect  .   (helmet restricted)
rElec   .          Harm     .   (no cloak)
rCorr   .          Rampage  .   v - +0 pair of gloves
Will    +++..                   u - +2 pair of boots
Stlth   ..........              t - amulet of guardian spirit
HPRegen 1.42/turn               s - ring of ice
MPRegen 0.13/turn               x - ring of ice

@: berserking (expiring), strong-willed (expiring), regenerating (expiring),
very quick
A: horns 2, retaliatory headbutt, iridescent scales 1, strong-willed 1
a: Renounce Religion, Berserk, Trog's Hand, Brothers in Arms


You were in an ice cave.
You worshipped Trog.
Trog was greatly pleased with you.
You visited 1 branch of the dungeon, and saw 14 of its levels.
You also visited: Ice Cave.

You collected 1183 gold pieces.

Inventory:

Hand Weapons
 a - a +0 hand axe of venom
 w - a +1 battleaxe of freezing
 D - a +2 vorpal broad axe (weapon)
Missiles
 E - 4 throwing nets
Armour
 u - a +2 pair of boots (worn)
 v - a +0 pair of gloves (worn)
 z - a +1 crystal plate armour of cold resistance (worn)
 H - the +3 buckler of Icaugies (worn) {rN+}
   (You acquired it on level 9 of the Dungeon)

   rN:        It protects you from negative energy.
Jewellery
 j - the ring "Zoirulat" {Will+ Dex+4}
   (You took it off a centaur warrior on level 12 of the Dungeon)

   [ring of willpower]

   Dex:       It affects your dexterity (+4).
   Will:      It increases your willpower.
 s - a ring of ice (left hand)
 t - an amulet of guardian spirit (around neck)
 x - a ring of ice (right hand)
 y - a ring of poison resistance
 B - a ring of see invisible
Wands
 f - a wand of polymorph (14)
 m - a wand of digging (7)
 p - a wand of mindburst (9)
 q - a wand of iceblast (10)
 A - a wand of paralysis (15)
 I - a wand of acid (5) (quivered)
Scrolls
 b - 4 scrolls of identify
 e - a scroll of enchant armour
 g - a scroll of brand weapon
 i - 4 scrolls of fog
 n - 2 scrolls of blinking
 C - 4 scrolls of magic mapping
 G - 3 scrolls of teleportation
Potions
 c - 2 potions of resistance
 d - 4 potions of haste
 h - 2 potions of flight
 l - 3 potions of curing
 o - a potion of magic
 r - 4 potions of heal wounds
 F - a potion of invisibility


   Skills:
 + Level 16.3 Fighting
 + Level 18.1 Axes
 + Level 1.1 Throwing
 + Level 14.4 Armour
 + Level 5.8 Dodging
 + Level 2.1 Stealth
 + Level 8.5 Shields
 + Level 0.5 Unarmed Combat


You had 12 spell levels left.
You didn't know any spells.
Your spell library was empty.

Dungeon Overview and Level Annotations

Branches:
Dungeon (14/15)            Temple (0/1) D:4            Lair (0/6) D:9
    Orc (0/2) D:9          Vaults (0/5) D:13          IceCv (1/1)

Altars:
Hepliaklqana
Uskayaw
Xom
Jiyva


Innate Abilities, Weirdness & Mutations

You have a pair of horns on your head.
You reflexively headbutt those who attack you in melee.
You are partially covered in iridescent scales. (AC +2)
You are strong-willed. (Will+)


Message History

You slash the Ice Fiend! You headbutt the Ice Fiend!
The Ice Fiend is almost dead.
The Ice Fiend claws you.
* * * LOW HITPOINT WARNING * * *
The Ice Fiend freezes you! You resist.
* * * LOW HITPOINT WARNING * * *
The Ice Fiend claws you.
* * * LOW HITPOINT WARNING * * *
The Ice Fiend freezes you. You resist.
* * * LOW HITPOINT WARNING * * *
You barely miss the Ice Fiend.
The Ice Fiend is almost dead.
You slice the Ice Fiend!!
You kill the Ice Fiend!
Trog accepts your kill.
You barely miss the spriggan defender simulacrum.
You slash the spriggan defender simulacrum!
You headbutt the spriggan defender simulacrum!!
The spriggan defender simulacrum is almost destroyed.
The spriggan defender simulacrum hits you.
* * * LOW HITPOINT WARNING * * *
The spriggan defender simulacrum freezes you.
You resist.
* * * LOW HITPOINT WARNING * * *
You barely miss the spriggan defender simulacrum.
Your headbutt misses the spriggan defender simulacrum.
The spriggan defender simulacrum is almost destroyed.
The spriggan defender simulacrum barely misses you.
You miss the spriggan defender simulacrum.
The spriggan defender simulacrum is almost destroyed.
You feel the effects of Trog's Hand fading.
You closely miss the spriggan defender simulacrum.
Your headbutt misses the spriggan defender simulacrum.
The spriggan defender simulacrum is almost destroyed.
The spriggan defender simulacrum hits you but does no damage.
You miss the spriggan defender simulacrum.
Your headbutt misses the spriggan defender simulacrum.
The spriggan defender simulacrum is almost destroyed.
The spriggan defender simulacrum hits you!
You die...

##.#.##
#....#
##.#.#
###.##
##.#
##.#
#..#
#.##
#@##
##Z#
#Z# .Z#
Z.##


1ZZ ZZ.# .... ##..# You could see an alligator simulacrum, a dire elephant
simulacrum and a spriggan defender simulacrum.

Vanquished Creatures
  An Ice Fiend (IceCv)
  An ice dragon (D:14)
  2 boulder beetles
  3 hydras
  5 centaur warriors
  A death knight (D:12)
  2 dancing weapons (D:13)
  4 two-headed ogres
  A bog body (IceCv)
  An obsidian statue (IceCv)
  A spriggan simulacrum (IceCv)
  A deep elf pyromancer (D:12)
  2 cyclopes
  A manticore (D:13)
  Maurice (D:8)
  A gargoyle (D:11)
  An unseen horror (D:12)
  3 yaktaurs (D:14)
  3 freezing wraiths (IceCv)
  A komodo dragon (D:12)
  A tengu conjurer (D:13)
  8 entropy weaver simulacra (IceCv)
  4 ice devils (IceCv)
  5 trolls
  A hornet (D:9)
  12 slime creatures
  A centaur simulacrum (D:14)
  A shadow (D:11)
  3 wraiths
  A dire elephant simulacrum (IceCv)
  22 yaks
  Eustachio (D:4)
  A basilisk (D:11)
  2 steam dragons (D:9)
  5 minotaur simulacra (IceCv)
  13 vampire mosquitoes
  Menkaure (D:6)
  2 wargs (D:9)
  A water moccasin (D:9)
  3 acid dragons
  6 orc warriors
  4 ice beasts
  4 sky beasts
  A black bear (D:4)
  An ogre (D:6)
  A necrophage (D:2)
  2 alligator simulacra (IceCv)
  18 centaurs
  A phantom (D:5)
  3 kobold brigands
  A gnoll sergeant (D:9)
  A scorpion (D:4)
  4 bullfrogs
  A deep troll simulacrum (IceCv)
  2 wyvern skeletons (D:7)
  5 killer bees
  4 wights (D:8)
  5 howler monkeys
  A bullfrog zombie (D:5)
  2 centaur zombies
  6 jellies
  5 hounds
  8 orc priests
  18 orc wizards
  Jessica (D:2)
  A bullfrog skeleton (D:5)
  3 iguanas
  Ijyb (D:4)
  A killer bee zombie (D:5)
  A howler monkey skeleton (D:4)
  4 gnolls (D:9)
  2 adders
  A shadow imp (D:7)
  2 white imps
  An ufetubus (D:6)
  4 worms
  3 dart slugs
  39 orcs
  4 ball pythons
  5 endoplasms
  4 giant cockroaches
  5 goblins
  6 hobgoblins
  5 jackals
  4 quokkas
  4 bats
  2 frilled lizards
  23 kobolds
  6 rats
360 creatures vanquished.

Vanquished Creatures (collateral kills)
  A hydra (D:13)
  A centaur simulacrum (D:9)
2 creatures vanquished.

Vanquished Creatures (others)
  A centaur (D:14)
  A goblin (D:4)
2 creatures vanquished.

Grand Total: 364 creatures vanquished

Notes
Turn   | Place    | Note
-------+----------+-------------------------------------------
     0 | D:1      | zcamperz the Minotaur Berserker began the quest for the
                  | Orb.
     0 | D:1      | Reached XP level 1. HP: 19/19 MP: 0/0
   151 | D:1      | Found a faded altar of an unknown god.
   167 | D:1      | Reached XP level 2. HP: 24/27 MP: 1/1
   219 | D:1      | Reached skill level 4 in Axes
   818 | D:2      | Noticed Jessica
   824 | D:2      | Reached XP level 3. HP: 33/33 MP: 2/2
   825 | D:2      | Killed Jessica
   908 | D:2      | Reached XP level 4. HP: 41/41 MP: 3/3
   955 | D:2      | Reached ** piety under Trog
   961 | D:2      | Noticed a necrophage
   965 | D:2      | Killed a necrophage
   966 | D:2      | Reached skill level 5 in Axes
   966 | D:2      | Reached XP level 5. HP: 45/47 MP: 4/4
  1097 | D:2      | Found a shimmering altar of Xom.
  1263 | D:2      | Identified a scroll of acquirement
  1263 | D:2      | Acquired a manual of Fighting
  1307 | D:3      | Noticed a sky beast
  1320 | D:3      | Killed a sky beast
  1321 | D:3      | Reached skill level 5 in Fighting
  1742 | D:3      | Reached XP level 6. HP: 56/56 MP: 5/5
  2411 | D:4      | Noticed Eustachio
  2420 | D:4      | Reached skill level 6 in Axes
  2432 | D:4      | Reached skill level 5 in Armour
  2468 | D:5      | Entered Level 5 of the Dungeon
  2688 | D:4      | Killed Eustachio
  2689 | D:4      | Reached XP level 7. HP: 63/63 MP: 6/6
  2745 | D:4      | Found a staircase to the Ecumenical Temple.
  2982 | D:4      | Noticed Ijyb
  3017 | D:4      | Killed Ijyb
  3018 | D:4      | Reached skill level 7 in Axes
  3018 | D:4      | Reached skill level 1 in Shields
  4151 | D:5      | Reached XP level 8. HP: 71/71 MP: 7/7
  4712 | D:6      | Noticed Menkaure
  4727 | D:5      | Reached skill level 8 in Axes
  4822 | D:6      | Reached skill level 1 in Stealth
  4827 | D:6      | Killed Menkaure
  5158 | D:6      | Reached *** piety under Trog
  5307 | D:6      | Reached skill level 9 in Axes
  5589 | D:6      | Reached XP level 9. HP: 79/79 MP: 6/8
  5824 | D:6      | Found a hide-covered altar of Uskayaw.
  5946 | D:6      | Gained mutation: Your flesh is heat resistant. (rF+)
                  | [potion of mutation]
  5946 | D:6      | Gained mutation: You are robust. (+10% HP) [potion of
                  | mutation]
  6586 | D:7      | Reached skill level 10 in Axes
  6924 | D:8      | Noticed Maurice
  6935 | D:8      | Killed Maurice
  6969 | D:8      | Lost mutation: You are robust. (+10% HP) [potion of
                  | mutation]
  6969 | D:8      | Lost mutation: Your flesh is heat resistant. (rF+) [potion
                  | of mutation]
  6969 | D:8      | Gained mutation: You are strong-willed. (Will+) [potion of
                  | mutation]
  6969 | D:8      | Gained mutation: You are partially covered in iridescent
                  | scales. (AC +2) [potion of mutation]
  7063 | D:8      | Reached **** piety under Trog
  7332 | D:8      | Reached skill level 11 in Axes
  7600 | D:8      | Reached skill level 10 in Fighting
  8189 | D:8      | Reached XP level 10. HP: 73/93 MP: 6/9
  8621 | D:9      | Found a staircase to the Orcish Mines.
  8631 | D:9      | Reached skill level 10 in Armour
  9025 | D:9      | Found a staircase to the Lair.
  9035 | D:9      | Reached skill level 12 in Axes
  9376 | D:9      | Reached skill level 5 in Dodging
  9569 | D:9      | Noticed a six-headed hydra
  9569 | D:9      | Noticed a two-headed ogre
  9604 | D:9      | Killed a nine-headed hydra
  9605 | D:9      | Reached skill level 13 in Axes
  9786 | D:9      | Acquired the +3 buckler of Icaugies {rN+}
 10066 | D:9      | Killed a two-headed ogre
 10067 | D:9      | Reached XP level 11. HP: 48/104 MP: 4/10
 10345 | D:10     | Entered Level 10 of the Dungeon
 10921 | D:10     | Found a viscous altar of Jiyva.
 11142 | D:11     | Noticed a two-headed ogre
 11220 | D:11     | Killed a two-headed ogre
 11221 | D:11     | Reached skill level 14 in Axes
 11221 | D:11     | Reached skill level 5 in Shields
 11586 | D:11     | Noticed an eight-headed hydra
 11599 | D:11     | Killed a 12-headed hydra
 11600 | D:11     | Reached skill level 1 in Throwing
 12101 | D:12     | Noticed a boulder beetle
 12108 | D:12     | Noticed a deep elf pyromancer
 12148 | D:12     | Killed a deep elf pyromancer
 12171 | D:12     | Noticed a death knight
 12191 | D:12     | Killed a death knight
 12218 | D:12     | Identified the ring "Zoirulat" {Will+ Dex+4}
 12218 | D:12     | Noticed a centaur warrior
 12230 | D:12     | Killed a centaur warrior
 12230 | D:12     | Noticed a two-headed ogre
 12231 | D:12     | Reached XP level 12. HP: 50/117 MP: 5/11
 12489 | D:11     | Reached skill level 15 in Axes
 12493 | D:11     | Killed a two-headed ogre
 12662 | D:12     | Killed a boulder beetle
 12874 | D:12     | Reached skill level 15 in Fighting
 13146 | D:12     | Noticed a two-headed ogre
 13157 | D:12     | Killed a two-headed ogre
 13158 | D:12     | Reached skill level 16 in Axes
 13296 | D:12     | Found a hazy altar of Hepliaklqana.
 13339 | D:13     | Found a gate to the Vaults.
 13509 | D:13     | Noticed a centaur warrior
 13517 | D:13     | Killed a centaur warrior
 13683 | D:13     | Noticed a boulder beetle
 13714 | D:13     | Killed a boulder beetle
 13961 | D:13     | Noticed an eight-headed hydra
 13971 | D:13     | Killed a 13-headed hydra
 14039 | D:13     | Noticed a centaur warrior
 14048 | D:13     | Killed a centaur warrior
 14080 | D:13     | Noticed a five-headed hydra
 14084 | D:13     | Killed a five-headed hydra
 14085 | D:13     | Reached skill level 17 in Axes
 14336 | D:14     | Reached XP level 13. HP: 103/127 MP: 10/12
 14966 | D:14     | Found a frozen archway.
 15020 | IceCv    | Entered an ice cave
 16576 | IceCv    | Noticed an Ice Fiend
 16585 | IceCv    | Reached skill level 18 in Axes
 16605 | IceCv    | HP: 6/193 [Ice Fiend (5)]
 16607 | IceCv    | Killed an Ice Fiend
 16613 | IceCv    | Slain by a spriggan defender simulacrum

Illustrated notes

Levels and vault maps discovered:
D:1:      lightli_molten_gateway, layout_basic,
          hellmonk_ecumenical_altar_arch_garden
D:2:      layout_rooms, basic_altar, uniq_jessica
D:3:      layout_basic, minivault_27
D:4:      layout_basic, minmay_temple_entry_arrows,
          ebering_dispersal_statue_hall, hangedman_decor_opposing, uniq_ijyb,
          uniq_eustachio
D:5:      layout_loops_ring
D:6:      layout_rooms, nicolae_uskayaw_dance_studio, serial_glass,
          glass_columns_b, glass_columns_a, uniq_menkaure
D:7:      layout_basic
D:8:      layout_basic, hangedman_decor_clover_reticule, uniq_maurice
D:9:      minmay_the_grid_four_pointed_star_mashed
          [minmay_the_grid_triangle_9x9_odd_lines,
          minmay_the_grid_triangle_9x9_limited_checkers,
          minmay_the_grid_triangle_9x9_minimal,
          minmay_the_grid_triangle_9x9_thin_v, minmay_the_grid_prize_big_room],
          layout_stronghold, erik_lair_orcish_takeover, david_orc_2
D:10:     layout_roguey, jiyva_altar_1
D:11:     wad_pebble_path, layout_loops_ring, minmay_circle_x
D:12:     layout_cave_pools, nzn_hepliaklqana_mist_gate
D:13:     layout_loops_ring, erik_vaults_1
D:14:     layout_rooms, minmay_stone_trees_medium, portal_ice_cave_entry_dragon,
          lemuel_flamethrower_2
IceCv:    ice_cave_caverns_03

Skill      XL: |  1  2  3  4  5  6  7  8  9 10 11 12 13 |
---------------+----------------------------------------+-----
Fighting       | 4 5 6 7 10 11 14 15 16 | 16.3
Axes           | 4 5 6 7 9 11 13 14 17 18 | 18.1
Armour         | 3 4 5 6 8 9 11 12 13 14 | 14.4
Dodging        | 3 4 5 |  5.8
Shields        | 1 2 3 4 6 7 8 |  8.5
Stealth        | 1 2 |  2.1
Throwing       | 1 |  1.1
Unarmed Combat | |  0.5

Action                   |  1- 3 |  4- 6 |  7- 9 | 10-12 | 13-15 || total
-------------------------+-------+-------+-------+-------+-------++-------
Melee: Hand axe          |    50 |   102 |   267 |       |       ||   419
       Headbutt          |     6 |    13 |    59 |    77 |    29 ||   184
       Unarmed           |     6 |       |       |       |       ||     6
       Battleaxe         |       |       |    74 |    27 |       ||   101
       Broad axe         |       |       |       |   341 |   143 ||   484
Throw: Throwing net      |       |       |       |     4 |       ||     4
Invok: Berserk           |     2 |     3 |     9 |    13 |     6 ||    33
       Trog's Hand       |       |     2 |     3 |     4 |     5 ||    14
       Brothers in Arms  |       |       |       |     3 |       ||     3
Evoke: Wand              |       |       |       |     1 |       ||     1
  Use: Scroll            |       |     3 |    10 |    14 |       ||    27
       Potion            |       |       |     2 |     2 |     2 ||     6
Armor: Animal skin       |     2 |       |       |       |       ||     2
       Chain mail        |    28 |    67 |   177 |   223 |       ||   495
       Skin              |     1 |       |       |       |       ||     1
       Plate armour      |       |       |       |    66 |    92 ||   158
       Crystal plate arm |       |       |       |       |    18 ||    18
Dodge: Dodged            |    36 |    41 |   133 |   216 |    56 ||   482
Block: Buckler           |       |    10 |    35 |   165 |    71 ||   281
